 Dungeon Crawl Stone Soup version 0.30-a0-862-g1aabd4f9c5 (webtiles) character file.

Game seed: 1217241304369530026

322 Firecrotchwizard the Magician (level 6, -1/46 HPs)
             Began as a Djinni Fire Elementalist on Mar 9, 2023.
             Slain by a water moccasin zombie (5 damage)
             ... in an ossuary.
             The game lasted 00:10:55 (2739 turns).

Firecrotchwizard the Magician (DjFE)                Turns: 2739, Time: 00:10:55

Health: -1/46      AC:  3    Str:  7    XL:     6   Next: 76%
Gold:   180        EV: 13    Int: 18    God:
                   SH:  0    Dex: 14

rFire   + + .      SeeInvis .    n - +1 dagger (speed)
rCold   x . .      Faith    .    (no shield)
rNeg    . . .      Spirit   .    a - +0 robe
rPois   ∞          Reflect  .    (no helmet)
rElec   .          Rampage  .    (no cloak)
rCorr   .                        o - +0 pair of gloves
Will    +....                    (boots unavailable)
Stlth   ++                       (no amulet)
HPRegen 0.27/turn                W - ring of willpower
MPRegen 0.00/turn                Z - ring of wizardry {Wiz+, !d}

@: flying
A: sickness immunity, fire resistance 2, cold vulnerability 1, float, innate
caster, HP casting, extra vitality 1
a: no special abilities


You were in an ossuary.
You visited 1 branch of the dungeon, and saw 4 of its levels.
You also visited: Ossuary.

You collected 180 gold pieces.

Inventory:

Hand Weapons
 d - a +0 dagger
   (You took it off a kobold on level 1 of the Dungeon)
 n - a +1 dagger of speed (weapon)
   (You took it off a kobold on level 2 of the Dungeon)
 q - a +4 short sword
   (You took it off a kobold on level 4 of the Dungeon)
Missiles
 i - 10 poisoned darts
 s - 21 stones (quivered)
Armour
 a - a +0 robe (worn)
 o - a +0 pair of gloves (worn)
   (You found it on level 2 of the Dungeon)
Jewellery
 W - a ring of willpower (left hand)
   (You found it on level 3 of the Dungeon)
 Z - a ring of wizardry (right hand) {Wiz+, !d}
   (You found it on level 3 of the Dungeon)
Scrolls
 b - 4 scrolls of teleportation {unknown}
 e - a scroll of brand weapon {unknown}
 g - 5 scrolls of identify {unknown}
 j - a scroll of poison {unknown}
 m - a scroll of enchant armour {unknown}
 p - a scroll of noise {unknown}
Potions
 c - 4 potions of heal wounds {unknown}
 f - 2 potions of curing {unknown}
 h - a potion of magic {unknown}
 k - 2 potions of ambrosia {unknown}
 l - a potion of flight {unknown}


   Skills:
 + Level 3.6 Fighting
 - Level 3.0 Dodging
 - Level 2.2 Stealth
 + Level 4.0 Spellcasting


You knew the following spells:

 Your Spells              Type           Power      Damage    Failure   Level
a - Foxfire               Conj/Fire      72%        2x1d7     1%          1
b - Scorch                Fire           36%        2d7       1%          2
c - Kindle Blastsparks    Fire/Tloc/Air  36%        2d13      3%          3
d - Inner Flame           Hex/Fire       18%        N/A       3%          3
e - Flame Wave            Conj/Fire      18%        2d7       11%         4
g - Apportation           Tloc           36%        N/A       1%          1
w - Passwall              Tmut/Erth      15%        N/A       1%          2
Your spell library was empty.

Dungeon Overview and Level Annotations

Branches:
Dungeon (4/15)            Ossuary (1/1)
 Temple: D:4-7

Altars:
Dithmenos
Elyvilon
Nemelex Xobeh
Okawaru

Shops:
D:2 (


Innate Abilities, Weirdness & Mutations

You are immune to sickness and miasma.
You are immune to poison.
Your flesh is very heat resistant. (rF++)
You are vulnerable to cold. (rC-)
You float through the air rather than walking.
You learn spells naturally, not from books.
Your magical power is your life essence.
You have superior vitality. (+4 MHP)


Message History

You take 1 damage, and have 20/46 hp.
You barely miss the orc zombie.
The foxfire hits the orc zombie. x2
The orc zombie hits you but does no damage.
You barely miss the orc zombie.
The foxfire hits the orc zombie.
You destroy the orc zombie!
You start resting.
Health restored: 46
There is an open door here.
As you open the door, it creaks loudly!
There is an open door here.
You reach down and open the door.
A hobgoblin zombie, a water moccasin zombie, 2 kobold zombies and 3 adder zombies come into view.
You conjure some foxfire!
The adder zombie misses you. The adder zombie barely misses you.
You take 1 damage, and have 45/46 hp.
Flames lash the kobold zombie.
The kobold zombie's fire resistance burns away.
The foxfire hits the adder zombie. x2
The adder zombie bites you but does no damage.
You take 2 damage, and have 43/46 hp.
You conjure some foxfire!
The adder zombie bites you but does no damage.
You take 1 damage, and have 42/46 hp.
You miscast Foxfire.
You are very lightly contaminated with residual magic.
Nothing appears to happen.
The foxfire hits the adder zombie!
The foxfire hits the adder zombie.
The adder zombie bites you but does no damage.
You conjure some foxfire!
The adder zombie bites you but does no damage.
You take 1 damage, and have 41/46 hp.
You conjure some foxfire!
The kobold zombie is no longer more vulnerable to fire.
The foxfire hits the adder zombie!
You destroy the adder zombie!
The foxfire hits the kobold zombie.
You destroy the kobold zombie!
You take 1 damage, and have 40/46 hp.
You conjure some foxfire!
The foxfire hits the kobold zombie!
The foxfire hits the kobold zombie.
You destroy the kobold zombie!
You take 1 damage, and have 39/46 hp.
Flames lash the adder zombie.
The adder zombie's fire resistance burns away.
The foxfire hits the adder zombie. x2; The adder zombie completely misses you.
You take 1 damage, and have 38/46 hp.
You conjure some foxfire!
The adder zombie bites you but does no damage.
You take 1 damage, and have 37/46 hp.
You conjure some foxfire!
The foxfire hits the adder zombie. x2
The adder zombie bites you.
Your magical contamination has completely faded away.
You take 2 damage, and have 35/46 hp.
You conjure some foxfire!
The foxfire hits the adder zombie. x2
The adder zombie bites you but does no damage.
The adder zombie closely misses you.
You conjure some foxfire!
The adder zombie is no longer more vulnerable to fire.
The foxfire hits the adder zombie.
You destroy the adder zombie!
The foxfire hits the hobgoblin zombie.
You take 1 damage, and have 34/46 hp.
You conjure some foxfire!
The foxfire hits the hobgoblin zombie.
You destroy the hobgoblin zombie!
The foxfire hits the water moccasin zombie.
You take 1 damage, and have 33/46 hp.
Flames lash the adder zombie.
The adder zombie's fire resistance burns away.
The foxfire hits the water moccasin zombie. x2
The water moccasin zombie bites you.
You take 7 damage, and have 26/46 hp.
You conjure some foxfire!
The water moccasin zombie bites you but does no damage.
The water moccasin zombie bites you!
You take 7 damage, and have 19/46 hp.
Flames lash the water moccasin zombie.
The water moccasin zombie's fire resistance burns away.
The foxfire hits the water moccasin zombie.
The water moccasin zombie is burned terribly!
The foxfire hits the water moccasin zombie.
The water moccasin zombie bites you.
* * * LOW HITPOINT WARNING * * *
You take 7 damage, and have 12/46 hp.
You conjure some foxfire!
* * * LOW HITPOINT WARNING * * *
The water moccasin zombie bites you.
* * * LOW HITPOINT WARNING * * *
You take 6 damage, and have 6/46 hp.
The water moccasin zombie attacks as you move away!
The water moccasin zombie bites you.
* * * LOW HITPOINT WARNING * * *
The adder zombie is no longer more vulnerable to fire.
The foxfire hits the water moccasin zombie!
The water moccasin zombie is burned terribly!
The foxfire hits the water moccasin zombie.
You take 2 damage, and have 4/46 hp.
You conjure some foxfire!
* * * LOW HITPOINT WARNING * * *
The water moccasin zombie bites you.
You die...

#...# ###'# #...#
#...# #...# #...#
### ##########'###
#...#v...#...#...#
+...ZZ@..'...#...#
#...#..v.#...'...#
### ##############


You could see an adder zombie and a water moccasin zombie (combustible, ally
target).

Vanquished Creatures
  2 water moccasin zombies (Ossuary)
  A jelly (D:4)
  A sleepcap (D:4)
  An orc wizard (D:4)
  A mummy (D:4)
  An adder (D:3)
  3 adder zombies (Ossuary)
  A worm (D:2)
  4 orcs
  13 ball pythons
  6 bats
  2 endoplasms
  7 giant cockroaches
  8 goblins
  8 hobgoblins
  5 jackals
  3 quokkas
  4 frilled lizards
  2 gnoll zombies (Ossuary)
  A goblin zombie (D:4)
  2 hobgoblin zombies
  6 kobolds
  2 kobold zombies (Ossuary)
  5 orc zombies (Ossuary)
  5 rats
94 creatures vanquished.

Vanquished Creatures (others)
  262 foxfires
262 creatures vanquished.

Grand Total: 356 creatures vanquished

Notes
Turn   | Place    | Note
-------+----------+-------------------------------------------
     0 | D:1      | Firecrotchwizard the Djinni Fire Elementalist began the
                  | quest for the Orb.
     0 | D:1      | Firecrotchwizard set off with the following spells
                  | memorised: Foxfire, Scorch, Kindle Blastsparks, Inner
                  | Flame, Flame Wave.
     0 | D:1      | Reached XP level 1. HP: 15/15 MP: 0/0
   117 | D:1      | Reached XP level 2. HP: 20/21 MP: 0/0
   330 | D:1      | Reached skill level 2 in Stealth
   597 | D:1      | Reached XP level 3. HP: 23/25 MP: 0/0
   597 | D:1      | Learned a level 1 spell: Apportation
  1046 | D:2      | Reached skill level 3 in Dodging
  1228 | D:2      | Found Bonev's Antique Weapon Shoppe.
  1270 | D:2      | Reached XP level 4. HP: 31/31 MP: 0/0
  1454 | D:2      | Reached skill level 1 in Fighting
  1469 | D:2      | Reached skill level 3 in Spellcasting
  2283 | D:3      | Found a shadowy altar of Dithmenos.
  2283 | D:3      | Found an iron altar of Okawaru.
  2309 | D:3      | Found a sparkling altar of Nemelex Xobeh.
  2312 | D:3      | Found a white marble altar of Elyvilon.
  2312 | D:3      | You are sucked into a shaft and drop 1 floor!
  2323 | D:4      | Reached skill level 2 in Fighting
  2323 | D:4      | Reached XP level 5. HP: 21/38 MP: 0/0
  2323 | D:4      | Learned a level 2 spell: Passwall
  2403 | D:4      | Found a sand-covered staircase.
  2420 | D:4      | Reached XP level 6. HP: 20/45 MP: 0/0
  2519 | Ossuary  | Entered an ossuary
  2610 | Ossuary  | Reached skill level 3 in Fighting
  2614 | Ossuary  | Reached skill level 4 in Spellcasting
  2737 | Ossuary  | HP: 6/46 [water moccasin zombie (5)]
  2739 | Ossuary  | Slain by a water moccasin zombie

Illustrated notes

Levels and vault maps discovered:
D:1:      onia_arrival_pentagram, layout_loops_ring
D:2:      layout_loops_ring, serial_shops, nicolae_shop_waterfront
D:3:      layout_rooms, grunt_temple_overflow_cloverleaf, serial_shops, shop
D:4:      layout_basic, nicolae_ossuary_entry_giza, kennysheep_flooded_box,
          dreamdust_princess_bridge
Ossuary:  ossuary_tomb_2

Skill      XL: |  1  2  3  4  5  6 |
---------------+-------------------+-----
Stealth        | 2 |  2.2
Dodging        | 3 |  3.0
Fighting       | 2 3 |  3.6
Spellcasting   | 3 4 |  4.0

Action                     |  1- 3 |  4- 6 || total
---------------------------+-------+-------++-------
  Melee: Dagger            |    29 |    52 ||    81
         Unarmed           |     1 |       ||     1
   Cast: Foxfire           |    68 |    90 ||   158
         Scorch            |     1 |    15 ||    16
   Stab: Sleeping          |       |     3 ||     3
 Armour: Robe              |     9 |    18 ||    27
  Dodge: Dodged            |    34 |    39 ||    73

Table legend: (Time is in decaauts)
 A = Elapsed time spent in this place.
 B = Non-inter-level travel time spent in this place.
 C = Inter-level travel time spent in this place.
 D = Time resting spent in this place.
 E = Time spent auto-exploring this place.
 F = Levels seen in this place.
 G = Mean time per level.
                   A        B        C        D        E       F      G
               +--------+--------+--------+--------+--------+-----+--------+
         Total |   2717 |   2607 |    110 |    366 |   1661 |   5 |  543.4 |
       Dungeon |   2498 |   2388 |    110 |    235 |   1630 |   4 |  624.5 |
       Ossuary |    218 |    218 |      0 |    131 |     31 |   1 |  218.0 |
               +--------+--------+--------+--------+--------+-----+--------+

Top non-repeatable levels by time:
     D:1: 960 daAuts
     D:2: 949 daAuts
     D:3: 383 daAuts
 Ossuary: 218 daAuts
     D:4: 204 daAuts

Table legend:
 A = Kills in this place as a percentage of kills in the entire game.
 B = Kills by you in this place as a percentage of kills by you in the entire game.
 C = Kills by friends in this place as a percentage of kills by friends in the entire game.
 D = Other kills in this place as a percentage of other kills in the entire game.
 E = Experience gained in this place as a percentage of experience gained in the entire game.
 F = Experience gained in this place divided by the number of levels of this place that you have seen.
                   A       B       C       D       E      F
               +-------+-------+-------+-------+-------+----------------------
         Total | 100.0 | 100.0 |   N/A |   N/A | 100.0 |  92.2
       Dungeon |  84.0 |  84.0 |   N/A |   N/A |  60.5 |  69.8
       Ossuary |  16.0 |  16.0 |   N/A |   N/A |  39.5 | 182.0
               +-------+-------+-------+-------+-------+----------------------
